 Dungeon Crawl Stone Soup version 0.20.1-1-g8b1a95d (webtiles) character file.

72 Agnarh the Conjurer (level 4, -1/24 HPs)
             Began as a Deep Elf Conjurer on Sept 9, 2017.
             Slain by a killer bee (7 damage)
             ... on level 3 of the Dungeon.
             The game lasted 00:06:35 (2023 turns).

Agnarh the Conjurer (Deep Elf Conjurer)             Turns: 2023, Time: 00:06:35

Health: -1/24      AC:  2    Str:  6    XL:     4   Next: 7%
Magic:  8/10       EV: 13    Int: 23    God:
Gold:   90         SH:  0    Dex: 15    Spells: 0/9 levels left

rFire    . . .     SeeInvis .   (no weapon)
rCold    . . .     Gourm    .   (no shield)
rNeg     + . .     Faith    .   a - +0 robe
rPois    .         Spirit   .   (no helmet)
rElec    .         Reflect  .   (no cloak)
rCorr    .         Harm     .   (no gloves)
MR       .....                  (no boots)
Stlth    ++........             (no amulet)
Regen    0.1/turn               j - ring of positive energy
MPRegen  0.2/turn               n - +3 ring of intelligence

@: lethally poisoned (-1 -> -6)
A: no striking features
a: no special abilities


You were on level 3 of the Dungeon.
You were near starving.

You visited 1 branch of the dungeon, and saw 3 of its levels.

You collected 90 gold pieces.

Inventory:

Armour
 a - a +0 robe (worn)
 o - a +2 buckler
Jewellery
 j - a ring of positive energy (left hand)
 n - a +3 ring of intelligence (right hand)
Scrolls
 e - a scroll of blinking {unknown}
 f - a scroll of fear {unknown}
 g - 3 scrolls of teleportation {unknown}
 h - a scroll of magic mapping {unknown}
 m - 2 scrolls of amnesia {unknown}
 q - a scroll of immolation {unknown}
 s - a scroll of fog {unknown}
Potions
 d - 2 potions of might {unknown}
 k - 2 potions of mutation {unknown}
 l - a potion of resistance {unknown}
 p - a potion of lignification {unknown}
Books
 b - a book of Conjurations

   Spells                             Type                      Level
   a - Magic Dart                     Conjuration                  1
   b - Searing Ray                    Conjuration                  2
   c - Dazzling Spray                 Conjuration/Hexes            3
   d - Fulminant Prism                Conjuration/Hexes            4
   e - Force Lance                    Conjuration/Translocation    4
   f - Iskenderun's Mystic Blast      Conjuration                  4
Comestibles
 c - 2 bread rations
 i - 2 royal jellies
 r - a fruit


   Skills:
 - Level 2.4 Dodging
 - Level 2.4 Stealth
 - Level 3.0 Spellcasting
 * Level 6.2 Conjurations


You couldn't memorise any spells.
You knew the following spells:

 Your Spells              Type           Power        Failure   Level  Hunger
f - Fulminant Prism       Conj/Hex       ###.......   32%         4    ####...
x - Magic Dart            Conj           ####         1%          1    None
X - Iskenderun's Mystic   Conj           ####....     9%          4    ####...


Dungeon Overview and Level Annotations

Branches:
Dungeon (3/15)

Altars:
Fedhas

Annotations:
D:2 exclusion: oklob plant
D:3 letownia's ghost, weakling OpTm


Message History

Aim: a killer bee (hasn't noticed you)
The magic dart hits the killer bee.
The killer bee is lightly wounded.
The killer bee buzzes angrily.
A killer bee comes into view.
The killer bee moves out of view.
A killer bee comes into view.
The killer bee barely misses you. The killer bee stings you!
The killer bee closely misses you. The killer bee stings you.
The killer bee stings you.
* * * LOW HITPOINT WARNING * * *
The killer bee barely misses you. The killer bee barely misses you.
The killer bee misses you. The killer bee stings you.
* * * LOW HITPOINT WARNING * * *
You are poisoned.
The killer bee poisons you! The killer bee closely misses you.
The killer bee stings you!
You die...

#.##.# #.##.#
#.##<#######
#..........#
###..###...#
#..# #...# #..#
#...# #.>#
#...# #.@#
#...# #yy#
#...# #..#
#...#
######..###...#
#.............#
#.####..###.#.#
#..# .....#
#.######..#
######
..........#


You could see 2 killer bees.

Vanquished Creatures
  2 adders (D:2)
  2 oozes (D:1)
  2 worms (D:2)
  A dart slug (D:3)
  5 giant cockroaches
  3 goblins
  4 hobgoblins
  5 kobolds
  A quokka (D:3)
  5 bats
  2 frilled lizards
  8 rats
40 creatures vanquished.

Vanquished Creatures (others)
  A fulminant prism (D:3)
1 creature vanquished.

Grand Total: 41 creatures vanquished

Notes
Turn   | Place    | Note
-------+----------+-------------------------------------------
     0 | D:1      | Agnarh the Deep Elf Conjurer began the quest for the Orb.
     0 | D:1      | Reached XP level 1. HP: 10/10 MP: 6/6
   122 | D:1      | Reached XP level 2. HP: 6/15 MP: 4/8
   311 | D:1      | Reached skill level 5 in Conjurations
   970 | D:2      | Reached XP level 3. HP: 19/19 MP: 4/9
  1384 | D:2      | Found a blossoming altar of Fedhas.
  1408 | D:2      | Noticed an oklob plant
  1481 | D:2      | Reached skill level 6 in Conjurations
  1526 | D:2      | Reached XP level 4. HP: 24/24 MP: 2/10
  1695 | D:3      | Noticed letownia's ghost (weakling OpTm)
  1711 | D:3      | Learned a level 4 spell: Fulminant Prism
  1716 | D:3      | Learned a level 4 spell: Iskenderun's Mystic Blast
  2023 | D:3      | Slain by a killer bee

Skill      XL: |  1  2  3 |
---------------+----------+-----
Conjurations   | 5 6 |  6.2
Dodging        | |  2.4
Stealth        | |  2.4
Spellcasting   | |  3.0

Action                   |  1- 3 |  4- 6 || total
-------------------------+-------+-------++-------
 Cast: Magic Dart        |    85 |    11 ||    96
       Fulminant Prism   |       |     1 ||     1
  Eat: Chunk             |     1 |       ||     1
       Fruit             |       |     1 ||     1
Dodge: Dodged            |    11 |     7 ||    18
